 Dungeon Crawl Stone Soup version 0.28.0-1-gb440e238dd (console) character file.

Game seed: 15263864241232246044

11734 jejorda2 the Fighter (level 11, -4/70 HPs)
             Began as a Vine Stalker Berserker on Feb 20, 2022.
             Was an Elder of Trog.
             Slain by a meliai (8 damage)
             ... on level 11 of the Dungeon.
             The game lasted 00:23:10 (9266 turns).

jejorda2 the Fighter (Vine Stalker Berserker)       Turns: 9266, Time: 00:23:11

Health: -4/70      AC: 17    Str: 24    XL:     11   Next: 82%
Magic:  0/12       EV:  9    Int: 11    God:    Trog [****..]
Gold:   514        SH:  0    Dex: 14    Spells: 10/10 levels left

rFire   . . .      SeeInvis .   a - +1 dagger (speed)
rCold   . . .      Faith    .   (no shield)
rNeg    . . .      Spirit   +   s - +0 chain mail
rPois   +          Reflect  .   k - +0 helmet
rElec   .          Harm     .   z - +2 cloak
rCorr   .          Rampage  .   h - +1 pair of gloves
Will    ++++.                   (no boots)
Stlth   ..........              v - amulet "Xaijata" {RegenMP rPois rC- Will+++ Int+4}
HPRegen 1.01/turn               R - ring of protection from cold
MPRegen 0.53/turn               (no ring)

@: on berserk cooldown, slowed, very slow
A: fangs 3, regeneration 1, magic shield, antimagic bite, no potion heal 2
a: Renounce Religion, Berserk, Trog's Hand, Brothers in Arms


You were on level 11 of the Dungeon.
You worshipped Trog.
Trog was greatly pleased with you.
You visited 1 branch of the dungeon, and saw 11 of its levels.
You also visited: Ossuary.

You collected 514 gold pieces.

Inventory:

Hand Weapons
 a - a +1 dagger of speed (weapon)
 I - a +2 dagger of venom
Missiles
 g - 200 stones
 n - 9 poisoned darts (quivered)
 p - 2 boomerangs
 x - 10 atropa-tipped darts
 y - 11 javelins
 L - a throwing net
Armour
 b - a scarf of resistance
 h - a +1 pair of gloves (worn)
 k - a +0 helmet (worn)
 s - a +0 chain mail (worn)
 z - a +2 cloak (worn)
Jewellery
 v - the amulet "Xaijata" (around neck) {RegenMP rPois rC- Will+++ Int+4}
   (You found it in an ossuary)

   [amulet of magic regeneration]

   It increases your rate of magic regeneration.
   Int:       It affects your intelligence (+4).
   rC:        It makes you vulnerable to cold.
   rPois:     It protects you from poison.
   Will:      It greatly increases your willpower.
 C - the amulet of the Four Winds {rN+ Will+++ Clar}
   (You took it off Blork the orc on level 6 of the Dungeon)

   [amulet of nothing]

   rN:        It protects you from negative energy.
   Clar:      It protects you against confusion.
   Will:      It greatly increases your willpower.
 J - a ring of ice
 R - a ring of protection from cold (left hand)
Wands
 B - a wand of charming (4)
 E - a wand of flame (58)
 H - a wand of acid (3)
 K - a wand of paralysis (11)
 P - a wand of polymorph (4)
 S - a wand of iceblast (3)
Scrolls
 f - 2 scrolls of holy word {unknown}
 i - 3 scrolls of enchant weapon
 o - 3 scrolls of teleportation
 r - 2 scrolls of vulnerability
 w - a scroll of fear
 A - a scroll of amnesia {unknown}
 D - 2 scrolls of blinking {unknown}
 F - a scroll of magic mapping {unknown}
 G - 2 scrolls of noise {unknown}
 N - a scroll of immolation {unknown}
 O - a scroll of brand weapon {unknown}
Potions
 c - 2 potions of berserk rage
 d - a potion of lignification
 e - 4 potions of mutation
 j - 4 potions of attraction
 l - a potion of flight {unknown}
 m - a potion of resistance {unknown}
 q - a potion of invisibility
 t - 11 potions of curing
 u - a potion of ambrosia
 M - a potion of might {unknown}
Miscellaneous
 Q - a condenser vane


   Skills:
 + Level 14.3 Fighting
 - Level 10.0 Short Blades
 + Level 7.6 Armour
 - Level 1.5 Dodging
 * Level 3.7 Evocations


You had 10 spell levels left.
You didn't know any spells.
Your spell library was empty.

Dungeon Overview and Level Annotations

Branches:
Dungeon (11/15)            Temple (0/1) D:4            Lair (0/6) D:11
    Orc (0/2) D:9         Ossuary (visited)

Altars:
Kikubaaqudgha

Shops:
D:6 [


Innate Abilities, Weirdness & Mutations

You have razor-sharp teeth.
Your natural rate of healing is unusually fast.
When hurt, damage is shared between your health and your magic reserves.
Your bite disrupts and absorbs the magic of your enemies.
Potions cannot restore your health.


Message History

The meliai calls down the wrath of its god upon you.
Something smites you!
Your ogre goes berserk!
Trog will no longer gift you weapons.
The meliai calls upon its god to heal the meliai.
The meliai's wounds heal themselves!
The meliai hits you but does no damage.
The meliai hits your ogre with a +0 hand axe!
The meliai stings you but does no damage.
The meliai hits you with a +0 hand axe.
The meliai hits your ogre with a +0 hand axe!
The meliai barely misses you. The meliai hits you but does no damage.
The meliai stings you. The meliai hits you with a +0 hand axe.
The meliai hits your ogre with a +0 hand axe!
The meliai stings you but does no damage.
The meliai mumbles some strange prayers to its god against you.
Something smites you!
* * * LOW HITPOINT WARNING * * *
The meliai closely misses you.
The meliai hits your ogre with a +0 hand axe!
Your ogre dies!
Your ogre's corpse disappears in a puff of smoke!
The meliai stings you but does no damage.
The meliai hits you but does no damage.
The meliai stings you but does no damage.
The meliai hits you with a +0 hand axe.
* * * LOW HITPOINT WARNING * * *
The meliai stings you.
* * * LOW HITPOINT WARNING * * *
You are lethally poisoned!
The meliai poisons you!
Unknown command.
Your system rejects the healing.
You feel better. The meliai barely misses you. The meliai stings you.
* * * LOW HITPOINT WARNING * * *
The meliai completely misses you.
The meliai stings you but does no damage.
The meliai barely misses you. The meliai stings you.
* * * LOW HITPOINT WARNING * * *
The meliai hits you with a +2 vorpal hand axe!
You die...

#...# #..# #...#
#..# ^####...###..#
.............#
.............#
#.................#
#....######...##..#
#....# #...##..#
#....# #...##@y#
#....# #...##yy#
.....# #...##..#
.....######...##..#
#.......O........#
#................#
#................#
....###.........(.#
...! #...........#


You could see 3 meliai.

Vanquished Creatures
  A boulder beetle (D:10)
  A centaur warrior (D:9)
  3 two-headed ogres
  2 cyclopes
  Maggie (D:6)
  A slime creature (D:9)
  2 wyverns
  Eustachio (D:4)
  2 shadows
  13 yaks
  A steam dragon (D:10)
  Edmund (D:4)
  A two-headed ogre zombie (D:9)
  An orc warrior (D:7)
  2 sky beasts
  2 black bears (D:6)
  A necrophage (D:5)
  A hornet zombie (D:8)
  2 ogres
  2 centaurs
  2 phantoms (D:9)
  Blork the orc (D:6)
  A gnoll sergeant (D:8)
  2 bullfrogs
  3 wyvern zombies
  15 scorpions
  A wyvern skeleton (D:7)
  A troll zombie (D:9)
  6 killer bees (D:8)
  A vampire bat (D:7)
  A jelly (D:5)
  12 centaur zombies
  5 hounds
  3 orc priests
  Crazy Yiuf (D:4)
  A human zombie (Ossuary)
  2 bullfrog skeletons
  2 centaur skeletons
  3 iguanas
  7 orc wizards
  2 scorpion zombies (Ossuary)
  2 killer bee zombies (D:8)
  6 ogre zombies (D:9)
  3 mummies (Ossuary)
  Robin (D:2)
  A howler monkey zombie (D:9)
  8 gnolls
  9 adders
  3 worms
  2 dart slugs
  22 orcs
  5 bats
  2 bat skeletons (D:7)
  2 bat zombies (D:7)
  9 endoplasms
  4 giant cockroaches
  9 goblins
  7 hobgoblins
  2 quokkas
  3 ball pythons
  4 frilled lizards
  3 goblin skeletons (D:9)
  4 goblin zombies
  4 hobgoblin zombies
  5 kobolds
  7 kobold zombies (Ossuary)
  4 orc skeletons (D:9)
  18 orc zombies
  5 rats
267 creatures vanquished.

Notes
Turn   | Place    | Note
-------+----------+-------------------------------------------
     0 | D:1      | jejorda2 the Vine Stalker Berserker began the quest for the
                  | Orb.
     0 | D:1      | Reached XP level 1. HP: 11/11 MP: 2/2
   141 | D:1      | Found a faded altar of an unknown god.
   214 | D:1      | Reached XP level 2. HP: 16/16 MP: 3/3
   601 | D:1      | Reached XP level 3. HP: 19/19 MP: 4/4
   604 | D:1      | Reached skill level 3 in Fighting
  1264 | D:2      | Noticed Robin
  1276 | D:2      | Reached ** piety under Trog
  1289 | D:2      | Killed Robin
  1290 | D:2      | Gained mutation: Your natural rate of healing is unusually
                  | fast. [Vine Stalker growth]
  1290 | D:2      | Reached XP level 4. HP: 24/24 MP: 3/5
  1900 | D:3      | Reached XP level 5. HP: 28/28 MP: 6/6
  2609 | D:4      | Identified a scroll of acquirement
  2609 | D:4      | Acquired a manual of Fighting
  2670 | D:4      | Found a sand-covered staircase.
  2680 | Ossuary  | Entered an ossuary
  2702 | Ossuary  | Reached skill level 4 in Fighting
  2702 | Ossuary  | Reached XP level 6. HP: 31/33 MP: 5/7
  2855 | Ossuary  | Reached skill level 5 in Fighting
  2882 | Ossuary  | Reached skill level 5 in Short Blades
  2882 | Ossuary  | Reached XP level 7. HP: 39/39 MP: 8/8
  2941 | Ossuary  | Reached skill level 6 in Fighting
  2955 | Ossuary  | Reached *** piety under Trog
  2956 | Ossuary  | Reached skill level 7 in Fighting
  3053 | Ossuary  | Gained mutation: You have razor-sharp teeth. [Vine Stalker
                  | growth]
  3053 | Ossuary  | Reached XP level 8. HP: 46/46 MP: 9/9
  3165 | Ossuary  | Identified the amulet "Xaijata" {RegenMP rPois rC- Will+++
                  | Int+4}
  3411 | D:4      | Found a staircase to the Ecumenical Temple.
  3482 | D:4      | Noticed Eustachio
  3490 | D:4      | Reached skill level 8 in Fighting
  3518 | D:4      | Killed Eustachio
  3599 | D:4      | Noticed Edmund
  3617 | D:4      | Killed Edmund
  4288 | D:4      | Found a runed translucent door.
  4289 | D:4      | Noticed Crazy Yiuf
  4294 | D:4      | Killed Crazy Yiuf
  4295 | D:4      | Reached skill level 9 in Fighting
  4362 | D:5      | Entered Level 5 of the Dungeon
  4682 | D:5      | Reached XP level 9. HP: 52/54 MP: 10/10
  4943 | D:5      | Reached skill level 10 in Fighting
  4950 | D:5      | Reached skill level 5 in Armour
  5427 | D:6      | Noticed Blork the orc
  5445 | D:6      | Reached skill level 11 in Fighting
  5460 | D:6      | Killed Blork the orc
  5519 | D:6      | Noticed Maggie
  5532 | D:6      | Killed Maggie
  5762 | D:6      | Found Emapoh's Armour Boutique.
  5998 | D:7      | Reached skill level 12 in Fighting
  5998 | D:7      | Reached XP level 10. HP: 61/62 MP: 11/11
  6137 | D:7      | Found an ancient bone altar of Kikubaaqudgha.
  6300 | D:7      | Reached **** piety under Trog
  6413 | D:7      | Identified the +3 leather armour "Utzishro" {rElec}
  6776 | D:8      | Reached skill level 13 in Fighting
  7134 | D:8      | Noticed a cyclops
  7145 | D:8      | Killed a cyclops
  7354 | D:8      | Identified the +1 great sword of Evolution {holy, rC+}
  7736 | D:9      | Identified the +0 robe "Moneom Qeodd" {rCorr Int+3 Slay-6
                  | Archmagi}
  7791 | D:9      | Found a staircase to the Orcish Mines.
  7919 | D:9      | Reached ***** piety under Trog
  7930 | D:9      | Reached XP level 11. HP: 69/69 MP: 12/12
  8305 | D:9      | Noticed a centaur warrior
  8307 | D:9      | Noticed a cyclops
  8334 | D:9      | Killed a centaur warrior
  8335 | D:9      | Reached skill level 14 in Fighting
  8344 | D:9      | Killed a cyclops
  8367 | D:9      | Reached skill level 10 in Short Blades
  8559 | D:10     | Entered Level 10 of the Dungeon
  8686 | D:10     | Noticed a two-headed ogre
  8693 | D:10     | Killed a two-headed ogre
  8694 | D:10     | Reached skill level 1 in Evocations
  8784 | D:10     | Noticed a boulder beetle
  8801 | D:10     | Killed a boulder beetle
  9033 | D:10     | Noticed a two-headed ogre
  9049 | D:10     | Killed a two-headed ogre
  9225 | D:11     | Found a staircase to the Lair.
  9225 | D:11     | Noticed a two-headed ogre
  9250 | D:11     | Killed a two-headed ogre
  9266 | D:11     | Slain by a meliai

Illustrated notes

Levels and vault maps discovered:
D:1:      lightli_arrival_quake, layout_loops_ring,
          ebering_ecumenical_altar_abandoned, hangedman_decor_growths,
          minmay_tromino_v4_c
D:2:      layout_loops_ring, uniq_robin
D:3:      layout_loops_ring
D:4:      layout_layer_cave, temple_pool_b,
          lightli_ossuary_entry_decrepit_ruins, uniq_edmund, uniq_eustachio,
          uniq_crazy_yiuf_cottage
D:5:      layout_cave_pods, minivault_14, minmay_misc_feat_tower
D:6:      wander_river, layout_cave_pools, serial_shops, shop, st_stairs_11,
          uniq_maggie, uniq_blork_the_orc
D:7:      layout_loops_ring, kennysheep_vampire_church
D:8:      layout_basic, grunt_ministairs_11
D:9:      layout_cave_pools, zombieorc2_lemuel, grunt_tough_drop
D:10:     layout_rooms
D:11:     minmay_bloctagon, layout_small_grid, lair_entry_dummy, minivault_1,
          okawaru_altar_gauntlet_db

Skill      XL: |  1  2  3  4  5  6  7  8  9 10 11 |
---------------+----------------------------------+-----
Short Blades   | 3 4 5 6 7 9 10 | 10.0
Fighting       | 3 4 5 7 9 12 13 14 | 14.3
Armour         | 2 3 4 5 6 7 |  7.6
Evocations     | 3 |  3.7
Dodging        | |  1.5

Action                   |  1- 3 |  4- 6 |  7- 9 | 10-12 || total
-------------------------+-------+-------+-------+-------++-------
Melee: Short sword       |    78 |       |       |       ||    78
       Bite              |    13 |    57 |   131 |   285 ||   486
       Dagger            |       |   166 |   357 |   598 ||  1121
       Punch             |       |     1 |     6 |    13 ||    20
Throw: Stone             |       |     3 |       |     8 ||    11
       Dart              |       |       |       |     4 ||     4
Invok: Berserk           |     2 |     3 |     6 |     7 ||    18
       Trog's Hand       |       |       |     2 |       ||     2
       Brothers in Arms  |       |       |       |     1 ||     1
  Use: Scroll            |       |     4 |    12 |       ||    16
       Potion            |       |       |       |     1 ||     1
 Stab: Sleeping          |     1 |       |       |       ||     1
Armor: Leather armour    |     5 |       |       |       ||     5
       Ring mail         |    19 |    44 |    33 |       ||    96
       Scale mail        |       |       |    42 |       ||    42
       Chain mail        |       |       |    45 |   157 ||   202
Dodge: Dodged            |    49 |    53 |   104 |   134 ||   340
